 Dungeon Crawl Stone Soup version 0.29-a0-553-g81b289dbe5 (webtiles) character file.

Game seed: 8035078288434263878

92 frimble the Cudgeller (level 5, -7/45 HPs)
             Began as a Meteoran Cinder Acolyte on June 7, 2022.
             Was a High Priest of Ignis.
             Mangled by an ogre
             ... wielding a +0 giant spiked club
              (10 damage)
             ... on level 5 of the Dungeon.
             The game lasted 00:02:57 (647 turns).

frimble the Cudgeller (Meteoran Cinder Acolyte)      Turns: 647, Time: 00:02:58

Health: -7/45      AC:  7    Str: 16    XL:     5   Next: 14%
Magic:  9/17       EV: 10    Int: 17    God:    Ignis [*****.]
Gold:   107        SH:  0    Dex:  9    Spells: 5/7 levels left

rFire   + . .      SeeInvis .   a - -1 mace (flame)
rCold   + . .      Faith    .   (no shield)
rNeg    . . .      Spirit   .   f - +2 ring mail {rC+}
rPois   .          Reflect  .   (no helmet)
rElec   .          Harm     .   (no cloak)
rCorr   .          Rampage  .   (no gloves)
Will    .....                   (no boots)
Stlth   ..........              (no amulet)
HPRegen 0.15/turn               d - ring of magical power
MPRegen 0.15/turn               (no ring)

@: very slightly contaminated, glowing
A: sense surroundings 1, otherworldly, glowing, explore regen
a: Renounce Religion, Fiery Armour, Foxfire Swarm, Rising Flame


You were on level 5 of the Dungeon.
You worshipped Ignis.
Ignis was extremely pleased with you.
You visited 1 branch of the dungeon, and saw 5 of its levels.

You collected 107 gold pieces.

Inventory:

Hand Weapons
 a - a -1 mace of flaming (weapon)
 i - a +2 dagger of venom
Missiles
 h - 3 poisoned darts (quivered)
Armour
 b - a +0 robe
 f - a +2 ring mail of cold resistance (worn)
Jewellery
 d - a ring of magical power (left hand)
Scrolls
 g - a scroll of enchant armour
Potions
 c - 2 potions of magic {unknown}
 e - 2 potions of curing


   Skills:
 - Level 3.5 Fighting
 + Level 5.1 Maces & Flails
 + Level 2.1 Armour
 - Level 1.7 Spellcasting
 + Level 4.6 Fire Magic


You had 5 spell levels left.
You knew the following spells:

 Your Spells              Type           Power      Damage    Failure   Level
a - Scorch                Fire           34%        2d6       9%          2

Your spell library contained the following spells:

 Spells                   Type           Power      Damage    Failure   Level
 Olgreb's Toxic Radiance  Pois           1%         N/A       98%         4
 Ozocubu's Refrigeration  Ice            0%         4d5       100%        7
 Ignition                 Fire           8%         3d5       100%        8


Dungeon Overview and Level Annotations

Branches:
Dungeon (5/15)
 Temple: D:4-7

Altars:


Innate Abilities, Weirdness & Mutations

You passively map a small area around you.
You are easily found by Zot.
You glow in the dark.
You regain HP and MP as you explore.


Message History

You climb downwards.
There is a stone staircase leading up here.
You climb upwards.
There is a stone staircase leading down here.
There is a stone staircase leading down here.
You climb downwards.
Magic restored.
The iguana hisses angrily.
The ogre shouts!
There is a stone staircase leading up here.
You aren't carrying any items that you can evoke.
Casting: Scorch (safe; 9% risk of failure)
Confirm with . or Enter, or press ? or * to list all spells.
You don't know that spell.
Throw: 4 darts (poison)
Press: ? - help, Q - select action, (/) - cycle Shift-Dir - straight line, f - ogre
Aim: an ogre, wielding a +0 giant spiked club (71% to hit)
You throw a poisoned dart.
The poisoned dart barely misses the ogre.
Casting: Scorch (safe; 9% risk of failure)
Confirm with . or Enter, or press ? or * to list all spells.
You miscast Scorch.
You are very lightly contaminated with residual magic.
Nothing appears to happen.
Casting: Scorch (safe; 9% risk of failure)
Confirm with . or Enter, or press ? or * to list all spells.
Flames lash the ogre.
The ogre is moderately wounded.
The ogre's fire resistance burns away.
Casting: Scorch (safe; 9% risk of failure)
Confirm with . or Enter, or press ? or * to list all spells.
Flames lash the ogre.
The ogre is burned terribly!
The ogre is moderately wounded.
The ogre hits you with a +0 giant spiked club!!
Ouch! That really hurt!
* * * LOW HITPOINT WARNING * * *
Casting: Scorch (safe; 9% risk of failure)
Confirm with . or Enter, or press ? or * to list all spells.
Flames lash the ogre.
The ogre is burned terribly!
The ogre is almost dead.
The ogre hits you with a +0 giant spiked club!
You die...

*.. ##.######
#........
#......... *
#..........#######
#<...............#
,
##########.......#
* #.......# , *
#......@#
#.......O....# ,
######.l.....# , *
#......(# ,
#.......#
#.......#
*#.......# * , ,
........# *


You could see an ogre (combustible) and an iguana.

Vanquished Creatures
  An orc priest (D:4)
  An adder (D:2)
  A worm (D:3)
  3 dart slugs (D:1)
  4 endoplasms
  4 giant cockroaches
  5 goblins
  5 hobgoblins
  3 jackals (D:2)
  3 kobolds
  3 ball pythons
  6 bats
  A rat (D:3)
40 creatures vanquished.

Notes
Turn   | Place    | Note
-------+----------+-------------------------------------------
     0 | D:1      | frimble the Meteoran Cinder Acolyte began the quest for the
                  | Orb.
     0 | D:1      | Reached XP level 1. HP: 19/19 MP: 3/3
    70 | D:1      | Reached XP level 2. HP: 8/26 MP: 3/5
    80 | D:1      | Learned a level 2 spell: Scorch
   224 | D:2      | Reached XP level 3. HP: 21/31 MP: 1/6
   252 | D:2      | Reached skill level 1 in Armour
   345 | D:3      | Reached XP level 4. HP: 19/38 MP: 6/7
   625 | D:4      | Reached skill level 5 in Maces & Flails
   625 | D:4      | Reached XP level 5. HP: 17/45 MP: 7/8
   635 | D:5      | Entered Level 5 of the Dungeon
   642 | D:5      | Noticed an ogre
   647 | D:5      | Mangled by an ogre

Illustrated notes

Levels and vault maps discovered:
D:1:      wander_arrival_desolate, layout_rooms,
          ebering_ecumenical_altar_petrified
D:2:      layout_basic, minmay_fractal_squares_5
D:3:      layout_basic
D:4:      cheibrodos_thug_alley, layout_gridville,
          minmay_temple_entry_steel_oval, minmay_misc_feat_tower, uniq_menkaure
D:5:      layout_basic, nicolae_ashenzari_skybound, serial_shops, shop

Skill      XL: |  1  2  3  4 |
---------------+-------------+-----
Fire Magic     | 4 |  4.6
Armour         | 1 2 |  2.1
Maces & Flails | 5 |  5.1
Fighting       | |  3.5
Spellcasting   | |  1.7

Action                   |  1- 3 |  4- 6 || total
-------------------------+-------+-------++-------
Melee: Mace              |    54 |    32 ||    86
Throw: Dart              |       |     1 ||     1
 Cast: Scorch            |    12 |    10 ||    22
  Use: Scroll            |     5 |       ||     5
Armor: Robe              |     7 |       ||     7
       Ring mail         |    38 |    38 ||    76
Dodge: Dodged            |    60 |    24 ||    84

Table legend: (Time is in decaauts)
 A = Elapsed time spent in this place.
 B = Non-inter-level travel time spent in this place.
 C = Inter-level travel time spent in this place.
 D = Time resting spent in this place.
 E = Time spent auto-exploring this place.
 F = Levels seen in this place.
 G = Mean time per level.
                   A        B        C        D        E       F      G
               +--------+--------+--------+--------+--------+-----+--------+
         Total |    662 |    576 |     86 |      0 |    257 |   5 |  132.4 |
       Dungeon |    662 |    576 |     86 |      0 |    257 |   5 |  132.4 |
               +--------+--------+--------+--------+--------+-----+--------+

Top non-repeatable levels by time:
     D:3: 246 daAuts
     D:1: 227 daAuts
     D:2: 111 daAuts
     D:4: 70 daAuts
     D:5: 6 daAuts
